 Dungeon Crawl Stone Soup version 0.27.1-1-g398f81649c (webtiles) character file.

Game seed: 14984415705914150164

31 ZARRMARR the Conjurer (level 3, 0/20 (23) HPs)
             Began as an Octopode Conjurer on Sept 10, 2021.
             Slain by a necrophage (7 damage)
             ... on level 3 of the Dungeon.
             The game lasted 00:05:39 (2203 turns).

ZARRMARR the Conjurer (Octopode Conjurer)           Turns: 2203, Time: 00:05:40

HP:   0/20 (23)     AC:  1    Str:  6    XL:     3   Next: 22%
MP:   0/6           EV: 13    Int: 21    God:
Gold: 68            SH:  6    Dex: 16    Spells: 5/6 levels left

rFire    . . .     SeeInvis .   (no weapon)
rCold    . . .     Faith    .   h - +2 buckler
rNeg     . . .     Spirit   .   (helmet restricted)
rPois    .         Reflect  .   (no amulet)
rElec    .         Harm     .   a - +6 ring of dexterity
rCorr    .         Rampage  .   f - ring of willpower
Will     +....                  (no ring)
Stlth    +++.......             (no ring)
HPRegen  0.06/turn              (no ring)
MPRegen  0.10/turn              (no ring)
                                (no ring)
                                (no ring)

@: heavily drained
A: almost no armour, amphibious, 8 rings, camouflage 1, gelatinous body 1,
(nimble swimmer 1), tentacles
a: no special abilities


You were on level 3 of the Dungeon.
You visited 1 branch of the dungeon, and saw 3 of its levels.

You collected 68 gold pieces.

Inventory:

Armour
 h - a +2 buckler (worn)
Jewellery
 a - a +6 ring of dexterity (left tentacle)
 d - an amulet of faith
 f - a ring of willpower (right tentacle)
Scrolls
 j - a scroll of brand weapon {unknown}
Potions
 b - a potion of brilliance {unknown}
 e - a potion of degeneration {unknown}
 i - a potion of lignification {unknown}
 k - a potion of mutation {unknown}


   Skills:
 + Level 1.1 Fighting
 + Level 2.4 Dodging
 + Level 3.4 Stealth
 + Level 0.2 Shields
 + Level 2.3 Spellcasting
 - Level 4.0 Conjurations


You had 5 spell levels left.
You knew the following spells:

 Your Spells              Type           Power      Damage    Failure   Level
a - Magic Dart            Conj           76%        1d6       4%          1

Your spell library contained the following spells:

 Spells                   Type           Power      Damage    Failure   Level
 Searing Ray              Conj           38%        3d4       7%          2
 Dazzling Flash           Conj/Hex       20%        N/A       30%         3
 Fulminant Prism          Conj/Hex       5%         3d7       69%         4
 Iskenderun's Mystic Bla  Conj/Tloc      10%        2d4       69%         4


Dungeon Overview and Level Annotations

Branches:
Dungeon (3/15)

Altars:


Innate Abilities, Weirdness & Mutations

You cannot wear most types of armour.
You are amphibious.
You can wear up to eight rings at the same time.
Your skin changes colour to match your surroundings (Stealth+).
Your rubbery body absorbs attacks. (AC +1, EV +1)
((You are camouflaged near water. (Stealth+)))
You have tentacles for arms and can constrict up to eight enemies at once.


Message History

The magic dart hits the necrophage.
The necrophage is severely damaged.
The necrophage hits you.
You feel drained.
You tentacle-slap the necrophage but do no damage.
You grab the necrophage.
You squeeze the necrophage, but do no damage.
The necrophage is severely damaged.
You constrict the necrophage, but do no damage.
The necrophage closely misses you.
You tentacle-slap the necrophage but do no damage.
The necrophage is severely damaged.
You constrict the necrophage, but do no damage.
The necrophage closely misses you.
You tentacle-slap the necrophage but do no damage.
The necrophage is heavily damaged.
You constrict the necrophage. The necrophage barely misses you.
You tentacle-slap the necrophage but do no damage.
The necrophage is severely damaged.
You constrict the necrophage, but do no damage.
The necrophage hits you.
You feel drained. The goblin barely misses you.
You are too injured to fight recklessly!
Casting: Magic Dart (safe; 4% risk of failure)
Confirm with . or Enter, or press ? or * to list all spells.
Aiming: Magic Dart (safe; 4% risk of failure)
Press: ? - help, Shift-Dir - straight line, f/p - necrophage
Aim: a necrophage (severely damaged, constricted by you, 100% to hit)
The magic dart hits the necrophage.
The necrophage is severely damaged.
You constrict the necrophage. You block the necrophage's attack.
The goblin hits you with a +0 dagger.
You tentacle-slap the necrophage but do no damage.
You squeeze the necrophage, but do no damage.
The necrophage is severely damaged.
You constrict the necrophage. The necrophage closely misses you.
The goblin closely misses you.
You tentacle-slap the necrophage but do no damage.
You squeeze the necrophage, but do no damage.
The necrophage is almost destroyed.
You constrict the necrophage. The necrophage hits you!
You die...

# .# ..
#####+###.#
#.........#
#....n....#
#...g@....#
#.........#
#......$....#
#..........##
#........#.#
#........# #
#........+
#........#


You could see a necrophage and a goblin.

Vanquished Creatures
  5 endoplasms (D:1)
  2 goblins (D:1)
  2 hobgoblins
  4 jackals (D:2)
  A quokka (D:2)
  2 ball pythons
  3 bats
  3 frilled lizards
  4 kobolds (D:1)
  3 rats (D:1)
29 creatures vanquished.

Vanquished Creatures (others)
  A plant (D:3)
1 creature vanquished.

Grand Total: 30 creatures vanquished

Notes
Turn   | Place    | Note
-------+----------+-------------------------------------------
     0 | D:1      | ZARRMARR the Octopode Conjurer began the quest for the Orb.
     0 | D:1      | Reached XP level 1. HP: 11/11 MP: 3/3
   853 | D:1      | Reached XP level 2. HP: 18/18 MP: 3/5
  1624 | D:2      | Reached skill level 1 in Fighting
  1625 | D:2      | Reached XP level 3. HP: 23/23 MP: 2/6
  2189 | D:3      | Noticed a necrophage
  2203 | D:3      | Slain by a necrophage

Illustrated notes

Levels and vault maps discovered:
D:1:      dpeg_arrival_water_fire, layout_loops_corners, minmay_tromino_v2
D:2:      layout_basic, nrook_mini_vaults, grunt_decor_arrowhead
D:3:      layout_basic, grunt_temple_overflow_order_and_chaos_2,
          mainiacjoe_overflow_tiny_flanked, serial_forest,
          infiniplex_forest_clump_curved, infiniplex_forest_diagonal,
          infiniplex_forest_straight_4, infiniplex_forest_lined_3,
          infiniplex_forest_straight_3, infiniplex_forest_corner_1,
          infiniplex_forest_end_3, shapermc_ecumenical_altar_petra,
          chequers_hall_statues_corner_a, minmay_fractal_squares_diagonal_5

Skill      XL: |  1  2 |
---------------+-------+-----
Stealth        | 3 |  3.4
Fighting       | 1 |  1.1
Dodging        | |  2.4
Shields        | |  0.2
Spellcasting   | |  2.3
Conjurations   | |  4.0

Action                   || total
-------------------------++-------
Melee: Unarmed           ||    30
       Constrict         ||     7
       Tentacles         ||     7
 Cast: Magic Dart        ||    52
  Use: Scroll            ||     5
 Stab: Sleeping          ||     1
Armor: Skin              ||     2
Dodge: Dodged            ||    17
Block: Buckler           ||     4
